 Dungeon Crawl Stone Soup version 0.32-a0-132-g2d33c3cfaf (webtiles) character file.

Game seed: 281715363907788658

9776 senseless the Protected (level 11, -32/101 HPs)
             Began as a Minotaur Fighter on Feb 9, 2024.
             Was a High Priest of Okawaru.
             Annihilated by Vorhees's ghost (50 damage)
             ... on level 10 of the Dungeon on Feb 10, 2024.
             The game lasted 00:22:52 (7610 turns).

senseless the Protected (Minotaur Fighter)          Turns: 7610, Time: 00:22:57

Health: -32/101    AC: 26    Str: 26    XL:     11   Next: 27%
Magic:  10/10      EV:  7    Int:  5    God:    Okawaru [*****.]
Gold:   557        SH:  0    Dex:  9    Spells: 10/10 levels left

rFire   + + .        B - +3 battleaxe (spect)
rCold   . . .        (shield currently unavailable)
rNeg    + + .        E - +2 plate armour {rN+}
rPois   +            t - +2 hat
rElec   .            C - +1 cloak {rPois}
rCorr   .            f - +0 pair of gloves of Abomugoi {-Tele Fly rF++ SInv}
SInv    +            x - +2 pair of boots
Will    .....        z - amulet of regeneration Stlth
                     i - ring of see invisible
HPRegen 1.16/turn    s - ring of positive energy
MPRegen 0.12/turn

%: no teleportation
@: flying
A: horns 2, retaliatory headbutt
a: Renounce Religion, Heroism, Finesse, Duel


You were on level 10 of the Dungeon.
You worshipped Okawaru.
Okawaru was extremely pleased with you.
You visited 1 branch of the dungeon, and saw 10 of its levels.
You also visited: Bailey.

You collected 785 gold pieces.
You spent 228 gold pieces at shops.

Inventory:

Hand Weapons
 a - a +1 war axe
 B - a +3 spectral battleaxe (weapon)
 H - a +1 war axe of flaming
Missiles
 m - 27 poisoned darts (quivered)
 w - 3 throwing nets
 I - 3 atropa-tipped darts
Armour
 c - a +0 buckler
 f - the +0 pair of gloves of Abomugoi (worn) {-Tele Fly rF++ SInv}
   (You acquired it on level 5 of the Dungeon)

   rF++:      It greatly protects you from fire.
   SInv:      It lets you see invisible.
   Fly:       It grants you flight.
   -Tele:     It prevents most forms of teleportation.
 t - a +2 hat (worn)
 x - a +2 pair of boots (worn)
 C - a +1 cloak of poison resistance (worn)
 E - a +2 plate armour of positive energy (worn)
 J - the +3 buckler of the Trees {rPois Regen+}
   (You bought it in a shop on level 10 of the Dungeon)

   rPois:     It protects you from poison Regen+: It increases your rate of
   health regeneration.
Jewellery
 i - a ring of see invisible (left hand)
 s - a ring of positive energy (right hand)
 y - a ring of wizardry
 z - an amulet of regeneration (around neck)
Wands
 o - a wand of roots (16)
 q - a wand of polymorph (13)
Scrolls
 b - a scroll of immolation
 e - a scroll of noise
 l - 2 scrolls of teleportation
 r - a scroll of vulnerability
 v - 2 scrolls of blinking
 D - a scroll of fear
 F - a scroll of brand weapon
 G - a scroll of revelation
 K - a scroll of enchant weapon
Potions
 d - 2 potions of might
 g - 3 potions of heal wounds
 h - a potion of cancellation {unknown}
 j - 3 potions of attraction
 k - 2 potions of lignification
 n - a potion of curing {unknown}
 p - 2 potions of magic
 u - a potion of mutation
 A - a potion of berserk rage {unknown}


   Skills:
 * Level 10.7 Fighting
 * Level 10.3 Axes
 + Level 5.9 Throwing
 * Level 10.8 Armour
 * Level 10.6 Shields


You had 10 spell levels left.
You didn't know any spells.
Your spell library contained the following spells:

 Spells                   Type           Power      Damage    Failure   Level
 Apportation              Tloc           0%         N/A       99%         1
 Necrotise                Necr           0%         1d4       99%         1
 Sandblast                Erth           0%         2d4       99%         1
 Sting                    Conj/Alch      0%         1d3       99%         1
 Fugue of the Fallen      Necr           0%         N/A       100%        3
 Gell's Gravitas          Tloc           0%         N/A       100%        3
 Ozocubu's Armour         Ice            0%         N/A       100%        3
 Passwall                 Erth           0%         N/A       100%        3
 Stone Arrow              Conj/Erth      0%         3d7       100%        3
 Teleport Other           Tloc           0%         N/A       100%        3
 Brom's Barrelling Bould  Conj/Erth      0%         2d3       100%        4
 Manifold Assault         Tloc           0%         N/A       100%        4
 Dispersal                Tloc           0%         N/A       100%        6
 Orb of Destruction       Conj           0%         9d5       100%        7
 Borgnjor's Revivificati  Necr           0%         N/A       100%        8
 Death's Door             Necr           0%         N/A       100%        9
 Summon Small Mammal      Summ           Unusable   N/A       N/A         1
 Animate Dead             Necr           Unusable   N/A       N/A         4
 Summon Blazeheart Golem  Fire/Summ      Unusable   N/A       N/A         4
 Haunt                    Necr/Summ      Unusable   N/A       N/A         7
 Spellforged Servitor     Conj/Summ      Unusable   N/A       N/A         7
 Infestation              Necr           Unusable   N/A       N/A         8

Dungeon Overview and Level Annotations

Branches:
Dungeon (10/15)            Temple (0/1) D:6            Lair (0/5) D:9
 Bailey (visited)
    Orc: D:9-12

Altars:
Ashenzari
Elyvilon
Fedhas
Kikubaaqudgha
Makhleb
Nemelex Xobeh
Okawaru
Ru
Trog

Shops:
D:4 :   D:10 [

Portals:
Trove: D:10 (give +2 gold dragon scales)

Annotations:
D:5 2 transporters, senseless's ghost, amateur DEHs
D:10 1 transporter, Vorhees's ghost, legendary MfAl


Innate Abilities, Weirdness & Mutations

You have a pair of horns on your head.
You reflexively headbutt those who attack you in melee.


Message History

Okawaru accepts your kill.
The steam dragon scales are intact enough to wear.
You slash the vampire!
The orc warrior curses loudly.
Vorhees's ghost whispers, "The ORB doesn't exist."
You slash the vampire!
The vampire is heavily damaged.
The vampire hits you but does no damage.
The vampire closely misses you.
The vampire hits you but does no damage.
The vampire bites you but does no damage.
You hit the vampire but do no damage.
You headbutt the vampire, but do no damage.
The vampire is heavily damaged.
You slash the wight!
Vorhees's ghost gestures wildly while chanting.
A freezing vortex appears around Vorhees's ghost!
The wight barely misses you.
The vampire hits you but does no damage.
The vampire bites you but does no damage.
You slash the vampire!
You destroy the vampire!
Okawaru accepts your kill.
You hit the wight but do no damage.
You feel a bit more experienced.
The wight is destroyed!
You completely miss Vorhees's ghost.
Your +3 spectral battleaxe completely misses Vorhees's ghost.
You are engulfed in whirling frost.
* * * LOW HITPOINT WARNING * * *
Your spectral weapon shares its damage with you!
* * * LOW HITPOINT WARNING * * *
Vorhees's ghost hits you but does no damage.
You feel much better.
Your +3 spectral battleaxe disappears.
You are engulfed in whirling frost.
* * * LOW HITPOINT WARNING * * *
Vorhees's ghost mumbles some strange words.
Vorhees's ghost erupts in a fountain of uncontrolled magic!
You are blasted with magical radiation!!!
You die...

#.....#####..###...).....#
#....##...##..##.........#
##.(##.###.##..######.####
##..##...§§.§##..## #.#
##..##ß...~§§§ß##..####.#
##..##..#.###§#§§##..##..#
#..##..V$##) #§§§§##..#.##
#..#.#~$##...##§§#§#..#.#
#..#W#F.#)...D#@W#§#..#.#
#..#x#...#...#§§§#§#..#.#
#..##..~.##.##§§§§##..#.########
##..##W.#.###§#§§##....∩....##..
##..##ßz...§z§ß##..###.#####...
#...##~..§§§§##..## #.# #..ß.
#.#..##.###.##..## #.# #∩...
#.#...##.T.##..## #.# #..ß.
#.###..#####..## #.# ##...


You could see a troll, an acid dragon, a wight (wandering) and Vorhees's ghost
(vortex).

Vanquished Creatures
  A boulder beetle (D:9)
  3 two-headed ogres
  2 gargoyles
  Jeremiah (D:6)
  A guardian mummy (D:10)
  A troll (D:10)
  Sigmund (D:3)
  2 wraiths
  A vampire (D:10)
  2 wyverns
  A basilisk (D:9)
  2 steam dragons
  2 water moccasins (D:9)
  An acid dragon (D:9)
  Duvessa (D:4)
  3 black bears (D:9)
  10 orc warriors
  A sky beast (D:7)
  An ogre (D:6)
  2 wolves (D:9)
  3 centaurs
  3 phantoms
  4 bullfrogs
  A kobold brigand (D:9)
  3 scorpions
  5 wights (D:6)
  Dowan (D:4)
  12 killer bees
  4 howler monkeys
  2 bombardier beetles (D:6)
  A jelly (D:5)
  3 orc priests
  2 hounds
  2 gnoll boudas
  Ijyb (D:3)
  Terence (D:3)
  Natasha (thrice) (D:3)
  4 iguanas
  4 orc wizards
  Robin (D:2)
  12 gnolls
  A shadow imp (D:6)
  2 white imps
  4 ufetubi
  A dart slug (D:3)
  A ribbon worm (D:5)
  20 orcs
  6 endoplasms
  A giant cockroach (D:1)
  13 goblins
  7 hobgoblins
  3 jackals (D:5)
  3 quokkas
  5 ball pythons
  6 bats
  A frilled lizard (D:1)
  8 kobolds
  6 rats
199 creatures vanquished.

Vanquished Creatures (others)
  An orc warrior (D:10)
  A wight (D:10)
2 creatures vanquished.

Grand Total: 201 creatures vanquished

Notes
Turn   | Place    | Note
-------+----------+-------------------------------------------
     0 | D:1      | senseless the Minotaur Fighter began the quest for the Orb.
     0 | D:1      | Reached XP level 1. HP: 19/19 MP: 0/0
   199 | D:1      | Reached XP level 2. HP: 25/27 MP: 1/1
  1021 | D:2      | Noticed Robin
  1026 | D:2      | Reached XP level 3. HP: 27/33 MP: 2/2
  1034 | D:2      | Killed Robin
  1372 | D:3      | Noticed Natasha
  1381 | D:3      | Killed Natasha
  1382 | D:3      | Reached XP level 4. HP: 35/41 MP: 3/3
  1425 | D:3      | Noticed Terence
  1436 | D:3      | Killed Terence
  1580 | D:3      | Found a sacrificial altar of Ru.
  1582 | D:3      | Noticed Ijyb
  1592 | D:3      | Killed Ijyb
  1593 | D:3      | Reached skill level 1 in Throwing
  1690 | D:3      | Found a broken altar of Ashenzari.
  1698 | D:3      | Found a bloodstained altar of Trog.
  1698 | D:3      | Found a white marble altar of Elyvilon.
  1698 | D:3      | Found an iron altar of Okawaru.
  1706 | D:3      | Noticed Natasha
  1713 | D:3      | Killed Natasha
  1714 | D:3      | Reached XP level 5. HP: 47/47 MP: 4/4
  1716 | D:3      | Became a worshipper of Warmaster Okawaru
  1760 | D:3      | Noticed Sigmund
  1771 | D:3      | Killed Sigmund
  1772 | D:3      | Reached skill level 5 in Fighting
  1772 | D:3      | Reached skill level 5 in Armour
  1772 | D:3      | Reached skill level 5 in Shields
  1772 | D:3      | Reached XP level 6. HP: 47/56 MP: 5/5
  2001 | D:3      | Noticed Natasha
  2006 | D:3      | Killed Natasha
  2188 | D:4      | Found Weaghat's Book Emporium.
  2215 | D:4      | Noticed Duvessa
  2218 | D:4      | Noticed Dowan
  2224 | D:4      | Killed Duvessa
  2224 | D:4      | Reached * piety under Okawaru
  2233 | D:4      | Killed Dowan
  2457 | D:4      | Reached XP level 7. HP: 62/62 MP: 6/6
  2878 | D:5      | Entered Level 5 of the Dungeon
  2919 | D:5      | Identified a scroll of acquirement
  2919 | D:5      | Acquired the +0 pair of gloves of Abomugoi {-Tele Fly rF++
                  | SInv}
  2934 | D:5      | Reached skill level 5 in Axes
  3008 | D:5      | Found a blossoming altar of Fedhas.
  3177 | D:5      | Noticed senseless's ghost (amateur DEHs)
  3201 | D:5      | Found a transporter.
  3206 | D:5      | Found a transporter.
  3578 | D:6      | Reached XP level 8. HP: 58/71 MP: 7/7
  3734 | D:6      | Reached ** piety under Okawaru
  3888 | D:6      | Noticed a gargoyle
  3899 | D:6      | Killed a gargoyle
  4215 | D:6      | Found a staircase to the Ecumenical Temple.
  4222 | D:6      | Noticed Jeremiah
  4242 | D:6      | Killed Jeremiah
  4242 | D:6      | Reached *** piety under Okawaru
  4337 | D:6      | Reached XP level 9. HP: 79/80 MP: 8/8
  5348 | D:8      | Reached **** piety under Okawaru
  5368 | D:8      | Found a flagged portal.
  5377 | Bailey   | Entered a bailey
  6300 | D:9      | Reached XP level 10. HP: 83/91 MP: 9/9
  6366 | D:9      | Noticed a two-headed ogre
  6373 | D:9      | Killed a two-headed ogre
  6429 | D:9      | Noticed a boulder beetle
  6439 | D:9      | Killed a boulder beetle
  6439 | D:9      | Reached ***** piety under Okawaru
  6440 | D:9      | Reached skill level 5 in Throwing
  6503 | D:9      | Reached skill level 10 in Armour
  6505 | D:9      | Reached skill level 10 in Fighting
  6506 | D:9      | Reached skill level 10 in Shields
  6524 | D:9      | Found a staircase to the Lair.
  7021 | D:10     | Entered Level 10 of the Dungeon
  7021 | D:10     | Noticed a two-headed ogre
  7026 | D:10     | Killed a two-headed ogre
  7083 | D:10     | Noticed a gargoyle
  7084 | D:10     | Killed a gargoyle
  7084 | D:10     | Received a gift from Okawaru
  7085 | D:10     | Reached XP level 11. HP: 101/101 MP: 10/10
  7099 | D:10     | Found a portal to a secret trove of treasure.
  7207 | D:10     | Reached skill level 10 in Axes
  7327 | D:10     | Noticed a two-headed ogre
  7338 | D:10     | Killed a two-headed ogre
  7419 | D:10     | Found a transporter.
  7423 | D:10     | Noticed Vorhees's ghost (legendary MfAl)
  7433 | D:10     | Found Mueme's Antique Armour Shoppe.
  7440 | D:10     | Bought a warped buckler for 228 gold pieces
  7440 | D:10     | Identified the +3 buckler of the Trees {rPois Regen+} (You
                  | bought it in a shop on level 10 of the Dungeon)
  7511 | D:10     | Found a transporter.
  7542 | D:10     | Found an ancient bone altar of Kikubaaqudgha.
  7543 | D:10     | Found a burning altar of Makhleb.
  7546 | D:10     | Found a sparkling altar of Nemelex Xobeh.
  7610 | D:10     | Annihilated by Vorhees's ghost

Illustrated notes

Levels and vault maps discovered:
D:1:      lemuel_arrival_behind_the_door_large, layout_loops_ring,
          serial_forest, infiniplex_forest_corner_2, infiniplex_forest_lined_2,
          infiniplex_forest_clump_long, infiniplex_forest_clump_C,
          infiniplex_forest_lined_corner, infiniplex_forest_straight_2,
          infiniplex_forest_straight_3
D:2:      layout_rooms, uniq_robin
D:3:      layout_loops_cross, grunt_temple_overflow_open, minmay_statues_item,
          uniq_terence, uniq_natasha, uniq_sigmund, uniq_ijyb
D:4:      layout_gridville, serial_shops, shop, uniq_duvessa
D:5:      layout_rooms, mainiacjoe_overflow_boulevard, gammafunk_ghost_hive
D:6:      layout_basic, minmay_temple_entry_slanted, uniq_jeremiah
D:7:      layout_basic
D:8:      layout_gridville, enter_bailey_6
D:9:      layout_loops_corners, minmay_lair_entry_grove,
          minmay_misc_feat_nine_boxes, nzn_sisyphean_effort
D:10:     layout_roguey, nicolae_overflow_hidden_temple, serial_shops, shop,
          nicolae_trove_entry_path_of_doom, nzn_ghost_randoct

Skill      XL: |  1  2  3  4  5  6  7  8  9 10 11 |
---------------+----------------------------------+-----
Fighting       | 4 5 6 7 9 10 | 10.7
Armour         | 4 5 6 7 9 10 | 10.8
Shields        | 4 5 6 7 8 10 | 10.6
Axes           | 3 4 5 7 8 9 10 | 10.3
Throwing       | 1 2 3 4 5 |  5.9

Action                     |  1- 3 |  4- 6 |  7- 9 | 10-12 || total
---------------------------+-------+-------+-------+-------++-------
  Melee: War axe           |   141 |    49 |   142 |       ||   332
         Headbutt          |    18 |     7 |    44 |    30 ||    99
         Battleaxe         |       |       |    85 |   111 ||   196
  Throw: Dart              |     2 |    26 |     6 |     6 ||    40
    Use: Scroll            |       |       |    19 |     2 ||    21
         Potion            |       |       |     1 |     1 ||     2
   Stab: Distracted        |       |       |     1 |       ||     1
 Armour: Scale mail        |    54 |       |       |       ||    54
         Chain mail        |     5 |    26 |    73 |       ||   104
         Skin              |       |     9 |       |       ||     9
         Plate armour      |       |       |   126 |   175 ||   301
  Dodge: Dodged            |    35 |    18 |    75 |    66 ||   194
  Block: Buckler           |    27 |    17 |    30 |       ||    74

Table legend: (Time is in decaauts)
 A = Elapsed time spent in this place.
 B = Non-inter-level travel time spent in this place.
 C = Inter-level travel time spent in this place.
 D = Time resting spent in this place.
 E = Time spent auto-exploring this place.
 F = Levels seen in this place.
 G = Mean time per level.
                   A        B        C        D        E       F      G
               +--------+--------+--------+--------+--------+-----+--------+
         Total |   7772 |   7493 |    279 |      3 |   5961 |  11 |  706.5 |
       Dungeon |   7515 |   7236 |    279 |      3 |   5809 |  10 |  751.5 |
        Bailey |    257 |    257 |      0 |      0 |    152 |   1 |  257.0 |
               +--------+--------+--------+--------+--------+-----+--------+

Top non-repeatable levels by time:
     D:6: 1066 daAuts
     D:9: 878 daAuts
     D:1: 807 daAuts
     D:3: 803 daAuts
     D:4: 778 daAuts
     D:7: 748 daAuts
     D:5: 658 daAuts
     D:2: 604 daAuts
    D:10: 596 daAuts
     D:8: 572 daAuts
  Bailey: 257 daAuts
